 Dungeon Crawl Stone Soup version 0.24-a0-513-g284f782df5 (webtiles) character file.

Game seed: 15714698636531736278

48 Azzok the Firebug (level 3, 0/24 HPs)
             Began as a Demonspawn Fire Elementalist on July 20, 2019.
             Slain by an orc wizard
             ... wielding a cursed +0 dagger
              (3 damage)
             ... on level 2 of the Dungeon.
             The game lasted 00:01:44 (1292 turns).

Azzok the Firebug (Demonspawn Fire Elementalist)    Turns: 1292, Time: 00:01:45

Health: 0/24       AC:  3    Str:  8    XL:     3   Next: 50%
Magic:  3/6        EV: 12    Int: 17    God:
Gold:   76         SH:  0    Dex: 13    Spells: 6/7 levels left

rFire    . . .     SeeInvis .   p - +1 dagger (venom)
rCold    + . .     Gourm    .   (no shield)
rNeg     . . .     Faith    .   a - +0 robe
rPois    .         Spirit   .   h - +0 helmet
rElec    .         Reflect  .   (no cloak)
rCorr    .         Harm     .   (no gloves)
MR       .....                  (no boots)
Stlth    ++........             (no amulet)
HPRegen  0.08/turn              e - ring of protection from cold
MPRegen  0.10/turn              n - ring of flight

@: no status effects
A: powered by death 1
a: Evoke Flight


You were on level 2 of the Dungeon.
You were hungry.

You visited 1 branch of the dungeon, and saw 2 of its levels.

You collected 76 gold pieces.

Inventory:

Hand Weapons
 p - a +1 dagger of venom (weapon)
Armour
 a - a +0 robe (worn)
 h - a +0 helmet (worn)
Jewellery
 e - a ring of protection from cold (left hand)
 n - a ring of flight (right hand)
Scrolls
 b - 3 scrolls of identify {unknown}
 d - a scroll of blinking {unknown}
 f - a scroll of immolation {unknown}
 g - a scroll of enchant armour {unknown}
 i - a scroll of random uselessness {unknown}
 j - a scroll of amnesia {unknown}
 k - a scroll of remove curse {unknown}
 m - a scroll of teleportation {unknown}
Potions
 l - a potion of curing {unknown}
 o - a potion of magic {unknown}
Comestibles
 c - a ration
 q - 8 chunks of flesh


   Skills:
 - Level 1.7 Dodging
 - Level 1.7 Stealth
 + Level 2.6 Spellcasting
 + Level 2.0 Conjurations
 + Level 3.2 Fire Magic


You had 6 spell levels left.
You knew the following spells:

 Your Spells              Type           Power        Failure   Level  Hunger
a - Flame Tongue          Conj/Fire      ##...        6%          1    #......

Your spell library contained the following spells:

 Spells                   Type           Power        Failure   Level  Hunger
 Throw Flame              Conj/Fire      ##....       9%          2    ##.....
 Beastly Appendage        Tmut           #.....       19%         1    #......
 Conjure Flame            Conj/Fire      ##......     19%         3    ###....
 Sticks to Snakes         Tmut           #.......     28%         2    ##.....
 Inner Flame              Hex/Fire       #.......     28%         3    ###....
 Spider Form              Tmut/Pois      #.........   50%         3    ###....
 Sticky Flame             Conj/Fire      ##......     52%         4    #####..
 Fireball                 Conj/Fire      ##........   86%         5    ######.
 Ice Form                 Ice/Tmut       #.......     88%         4    #####..
 Blade Hands              Tmut           #.........   99%         5    ######.


Dungeon Overview and Level Annotations

Branches:
Dungeon (2/15)

Altars:


Innate Abilities, Weirdness & Mutations

You regenerate a little health from kills.


Message History

* * * LOW HITPOINT WARNING * * *
The orc wizard gestures wildly while chanting.
The orc wizard blinks!
You hear a shout!
Casting: Flame Tongue (safe; 6% risk of failure)
Confirm with . or Enter, or press ? or * to list all spells.
Aiming: Flame Tongue (safe; 6% risk of failure)
Press: ? - help, Shift-Dir - straight line, f/p - orc wizard
Aim: an orc wizard, wielding a +0 dagger and wearing a cursed +0 robe (lightly wounded)
The flame tongue misses the orc wizard.
The orc wizard hits you with a cursed +0 dagger.
* * * LOW HITPOINT WARNING * * *
Casting: Flame Tongue (safe; 6% risk of failure)
Confirm with . or Enter, or press ? or * to list all spells.
Aiming: Flame Tongue (safe; 6% risk of failure)
Press: ? - help, Shift-Dir - straight line, f/p - orc wizard
Aim: an orc wizard, wielding a +0 dagger and wearing a cursed +0 robe (lightly wounded)
The flame tongue misses the orc wizard.
The orc wizard hits you with a cursed +0 dagger.
You die...

▒·▒ ▒ §·· ▒·▒ ▒·▒
▒╬▒ ▒▒▒▒ ▒·▒ ▒·▒ ···
▒·▒ ▒·▒ ▒·▒· ▒·▒
▒▒▒·▒▒▒▒▒▒▒·▒·
▒·▒▒▒▒▒·········▒···
▒·o@········▒▒▒·▒▒▒▒
▒▒▒▒▒▒▒▒···▒▒ ▒·▒ ▒
▒▒·▒▒ ▒·▒▒▒▒ ▒▒▒
▒····· ▒▒▒▒▒▒


You could see an orc wizard.

Vanquished Creatures
  A gnoll (D:1)
  An adder (D:2)
  An ooze (D:1)
  3 bats
  A giant cockroach (D:2)
  4 goblins
  4 hobgoblins
  2 jackals (D:2)
  2 frilled lizards
  2 kobolds (D:1)
  4 rats
25 creatures vanquished.

Notes
Turn   | Place    | Note
-------+----------+-------------------------------------------
     0 | D:1      | Azzok the Demonspawn Fire Elementalist began the quest for
                  | the Orb.
     0 | D:1      | Reached XP level 1. HP: 13/13 MP: 3/3
   262 | D:1      | Gained mutation: You regenerate a little health from kills.
                  | [demonic ancestry]
   262 | D:1      | Reached XP level 2. HP: 12/19 MP: 0/5
   504 | D:1      | Reached skill level 3 in Fire Magic
   818 | D:1      | Reached XP level 3. HP: 22/24 MP: 0/6
  1292 | D:2      | Slain by an orc wizard

Levels and vault maps discovered:
D:1:      lightli_arrival_lavapool, layout_rooms, minmay_tetromino_i4
D:2:      layout_loops_corners, lightli_temple_of_fire

Skill      XL: |  1  2  3 |
---------------+----------+-----
Fire Magic     | 3 |  3.2
Conjurations   | 2 |  2.0
Dodging        | |  1.7
Stealth        | |  1.7
Spellcasting   | |  2.6

Action                   || total
-------------------------++-------
Melee: Unarmed           ||    14
       Dagger            ||    28
 Cast: Flame Tongue      ||    25
 Stab: Sleeping          ||     1
  Eat: Chunk             ||     1
Armor: Robe              ||     6
Dodge: Dodged            ||    41

Table legend:
 A = Non-vault XP
 B = Vault XP
 C = Vault XP percentage of total XP
 D = Non-vault monster count
 E = Vault monster count
 F = Vault count percentage of total count
                 A         B        C        D         E       F
            +---------+---------+-------+---------+---------+-------
      Total |      67 |       2 |   2.9 |      23 |       2 |   8.0
            +---------+---------+-------+---------+---------+-------
        D:1 |      40 |       2 |   4.8 |      13 |       2 |  13.3
        D:2 |      27 |       0 |   0.0 |      10 |       0 |   0.0
            +---------+---------+-------+---------+---------+-------
